 Dungeon Crawl Stone Soup version 0.30-a0-722-g3e6e8c874d (webtiles) character file.

Game seed: 1557939990835638905

7 Arximoufas the Digger (level 2, 0/20 HPs)
             Began as a Formicid Earth Elementalist on Jan 28, 2023.
             Slain by a jackal (2 damage)
             ... on level 1 of the Dungeon.
             The game lasted 00:02:28 (161 turns).

Arximoufas the Digger (Formicid Earth Elementalist)  Turns: 161, Time: 00:02:29

Health: 0/20       AC:  2    Str: 10    XL:     2   Next: 5%
Magic:  0/5        EV: 12    Int: 14    God:
Gold:   36         SH:  0    Dex: 14    Spells: 4/5 levels left

rFire   . . .      SeeInvis +    (no weapon)
rCold   . . .      Faith    .    (no shield)
rNeg    . . .      Spirit   .    a - +0 robe
rPois   .          Reflect  .    (helmet unavailable)
rElec   .          Harm     .    (no cloak)
rCorr   .          Rampage  .    (no gloves)
Will    .....                    (no boots)
Stlth   ++                       (no amulet)
HPRegen 0.23/turn                (no ring)
MPRegen 0.09/turn                (no ring)

@: no status effects
A: permanent stasis, dig shafts and tunnels, antennae 3, four strong arms,
robust 1, weak 1
a: Dig, Shaft Self


You were on level 1 of the Dungeon.
You visited 1 branch of the dungeon, and saw 1 of its levels.

You collected 36 gold pieces.

Inventory:

Armour
 a - a +0 robe (worn)
Potions
 b - a potion of magic


   Skills:
 - Level 1.7 Dodging
 + Level 2.7 Stealth
 + Level 2.3 Spellcasting
 + Level 1.3 Transmutations
 + Level 3.8 Earth Magic


You had 4 spell levels left.
You knew the following spells:

 Your Spells              Type           Power      Damage    Failure   Level
a - Sandblast             Erth           24%        2d8       4%          1

Your spell library contained the following spells:

 Spells                   Type           Power      Damage    Failure   Level
 Passwall                 Tmut/Erth      6%         N/A       12%         2
 Stone Arrow              Conj/Erth      12%        3d7       32%         3
 Petrify                  Tmut/Erth      8%         N/A       61%         4


Dungeon Overview and Level Annotations

Branches:
Dungeon (1/15)

Altars:


Innate Abilities, Weirdness & Mutations

You cannot be hasted, slowed, berserked, paralysed or teleported.
You can dig through walls and to a lower floor.
You have a pair of large antennae on your head. (SInv)
Your four strong arms can wield two-handed weapons with a shield.
You are robust. (+10% HP)
You are weak. (Str -2)


Message History

A dart slug comes into view.
You don't have enough magic to cast this spell.
You don't have enough magic to cast this spell.
The jackal attacks as you move away! The jackal bites you.
The jackal attacks as you move away! The jackal bites you.
* * * LOW HITPOINT WARNING * * *
Okay, then.
It was a potion of mutation.
You feel extremely strange.
You feel weaker.
You feel robust. The jackal barely misses you.
The jackal attacks as you move away! The jackal bites you.
* * * LOW HITPOINT WARNING * * *
The jackal bites you.
* * * LOW HITPOINT WARNING * * *
As you read the scroll labelled OBLOSKYFEI, it crumbles to dust.
You feel a strange sense of stasis.
It was a scroll of teleportation.
The jackal misses you. The jackal completely misses you. The jackal bites you.
* * * LOW HITPOINT WARNING * * *
The jackal barely misses you.
The jackal bites you but does no damage.
The jackal misses you.
You are too injured to fight recklessly!
You are too injured to fight recklessly!
The jackal attacks as you move away! The jackal bites you.
* * * LOW HITPOINT WARNING * * *
Aiming: Sandblast (safe; 4% risk of failure)
Press: ? - help, Q - select action, (/) - cycle Shift-Dir - straight line, f/p - jackal
Aim: a jackal (heavily wounded, 77% to hit)
The blast of sand hits the jackal.
You kill the jackal!
The jackal bites you but does no damage.
You have reached level 2!
You don't have enough magic to cast this spell.
You don't have enough magic to cast this spell.
You hit the jackal but do no damage.
The jackal is heavily wounded.
The jackal bites you.
You die...

..... .. ... .## #...
..##...#
..##...###.##...#
....#..#...#...# {
....##..†#.....#### #
...#...##........#..
### #...#.[#..).......#
...##..###.............
#.#†......#@..........
#.........#h##.#......
##.......#..##.# ####.
#.......#.l##.#
#.≈≈....#..##.#
#.≈≈....#..##.#
#......##..##.#
#.####.##..w..######.
#.#....##....{.......


You could see a dart slug, a jackal and a frilled lizard.

Vanquished Creatures
  2 bats (D:1)
  2 jackals (D:1)
  A ball python (D:1)
  A goblin (D:1)
6 creatures vanquished.

Notes
Turn   | Place    | Note
-------+----------+-------------------------------------------
     0 | D:1      | Arximoufas the Formicid Earth Elementalist began the quest
                  | for the Orb.
     0 | D:1      | Reached XP level 1. HP: 13/13 MP: 3/3
   147 | D:1      | Gained mutation: You are weak. (Str -2) [potion of
                  | mutation]
   147 | D:1      | Gained mutation: You are robust. (+10% HP) [potion of
                  | mutation]
   161 | D:1      | Reached XP level 2. HP: 2/20 MP: 0/5
   161 | D:1      | Slain by a jackal

Illustrated notes

Levels and vault maps discovered:
D:1:      amcnicky_arrival_double_pillar, layout_rooms, minmay_tetromino_t4

Action                     || total
---------------------------++-------
  Melee: Unarmed           ||     1
   Cast: Sandblast         ||    11
    Use: Scroll            ||     1
         Potion            ||     1
 Armour: Robe              ||     3
  Dodge: Dodged            ||     8

Table legend: (Time is in decaauts)
 A = Elapsed time spent in this place.
 B = Non-inter-level travel time spent in this place.
 C = Inter-level travel time spent in this place.
 D = Time resting spent in this place.
 E = Time spent auto-exploring this place.
 F = Levels seen in this place.
 G = Mean time per level.
                   A        B        C        D        E       F      G
               +--------+--------+--------+--------+--------+-----+--------+
         Total |    166 |    166 |      0 |     73 |     30 |   1 |  166.0 |
       Dungeon |    166 |    166 |      0 |     73 |     30 |   1 |  166.0 |
               +--------+--------+--------+--------+--------+-----+--------+

Top non-repeatable levels by time:
     D:1: 166 daAuts
